 Dungeon Crawl Stone Soup version 0.29-a0-289-g2178c42546 (webtiles) character file.

Game seed: 16728089787520929831

68 kae the Chopper (level 4, -1/41 HPs)
             Began as a Hill Orc Fighter on Mar 17, 2022.
             Slain by a black bear (4 damage)
             ... on level 3 of the Dungeon.
             The game lasted 00:00:45 (1639 turns).

kae the Chopper (Hill Orc Fighter)                  Turns: 1639, Time: 00:00:46

Health: -1/41      AC:  6    Str: 20    XL:     4   Next: 19%
Magic:  4/4        EV:  9    Int:  8    God:
Gold:   83         SH:  4    Dex: 10    Spells: 3/3 levels left

rFire   . . .      SeeInvis .   a - +1 war axe
rCold   . . .      Faith    .   c - +0 buckler
rNeg    . . .      Spirit   .   b - +0 scale mail
rPois   .          Reflect  .   (no helmet)
rElec   .          Harm     .   (no cloak)
rCorr   .          Rampage  .   (no gloves)
Will    .....                   (no boots)
Stlth   ..........              (no amulet)
HPRegen 0.13/turn               (no ring)
MPRegen 0.09/turn               (no ring)

@: no status effects
A: no striking features
a: no special abilities


You were on level 3 of the Dungeon.
You visited 1 branch of the dungeon, and saw 3 of its levels.

You collected 83 gold pieces.

Inventory:

Hand Weapons
 a - a +1 war axe (weapon)
Armour
 b - a +0 scale mail (worn)
 c - a +0 buckler (worn)
Jewellery
 g - a ring of wizardry
 i - a ring of poison resistance
Scrolls
 m - a scroll of fear
Potions
 d - a potion of might
 e - a potion of lignification
 h - a potion of ambrosia
 j - a potion of invisibility {unknown}
 k - a potion of heal wounds
 l - a potion of curing {unknown}


   Skills:
 + Level 4.4 Fighting
 * Level 5.0 Axes
 - Level 3.2 Armour
 - Level 3.2 Shields


You had 3 spell levels left.
You didn't know any spells.
Your spell library contained the following spells:

 Spells                   Type           Power      Damage    Failure   Level
 Animate Skeleton         Necr           0%         N/A       85%         1
 Pain                     Necr           0%         1d4       85%         1
 Vampiric Draining        Necr           0%         2d6       99%         3
 Agony                    Necr           0%         N/A       100%        5
 Excruciating Wounds      Necr           0%         N/A       100%        5


Dungeon Overview and Level Annotations

Branches:
Dungeon (3/15)

Altars:


Message History

You completely miss the black bear.
The black bear is moderately wounded.
You barely miss the adder. The adder bites you. The black bear bites you.
The black bear claws you but does no damage.
The black bear closely misses you.
There are monsters nearby!
You barely miss the black bear.
The black bear is moderately wounded.
You hit the adder. The adder bites you but does no damage.
The black bear bites you. The black bear barely misses you.
The black bear claws you. You block the adder's attack.
The black bear bites you.
The black bear claws you but does no damage.
The black bear claws you.
You are too injured to fight recklessly!
There are monsters nearby!
You are too injured to fight recklessly!
You are too injured to fight recklessly!
There are monsters nearby!
You are too injured to fight recklessly!
You are too injured to fight recklessly!
You are too injured to fight recklessly!
You are too injured to fight recklessly!
You slash the black bear!
The black bear is severely wounded.
You slash the adder!
You kill the adder!
The black bear goes berserk!
Your Axes skill increases to level 5!
You hit the black bear but do no damage.
The black bear is severely wounded.
The black bear bites you! The black bear claws you.
The black bear closely misses you. The black bear bites you!
* * * LOW HITPOINT WARNING * * *
The black bear claws you but does no damage.
You block the black bear's attack.
You hit the black bear.
The black bear is severely wounded.
The black bear barely misses you. The black bear claws you.
You die...

#.# ###.######.#
.>.........####
.###....<..#
#.#####.#
#.#####.###
#..###.##.......
#..........#
#.#.##.##@.# ..
#...†h...# #.
#.##........ #
.............
...###.........
.. #...##.... .
#.).# ###. ....#


You could see a black bear (berserk).

Vanquished Creatures
  An adder (D:3)
  A dart slug (D:2)
  5 ball pythons
  3 endoplasms
  A giant cockroach (D:1)
  6 hobgoblins
  4 jackals (D:1)
  4 quokkas (D:1)
  2 bats
  4 frilled lizards
  7 goblins
  5 kobolds
  9 rats
52 creatures vanquished.

Notes
Turn   | Place    | Note
-------+----------+-------------------------------------------
     0 | D:1      | kae the Hill Orc Fighter began the quest for the Orb.
     0 | D:1      | Reached XP level 1. HP: 19/19 MP: 1/1
    68 | D:1      | Reached skill level 3 in Axes
   111 | D:1      | Reached XP level 2. HP: 27/27 MP: 2/2
   502 | D:1      | Found a faded altar of an unknown god.
   508 | D:1      | Reached skill level 4 in Axes
   566 | D:1      | Reached XP level 3. HP: 24/33 MP: 3/3
  1383 | D:2      | Reached XP level 4. HP: 41/41 MP: 4/4
  1631 | D:3      | Noticed a black bear
  1638 | D:3      | Reached skill level 5 in Axes
  1639 | D:3      | Slain by a black bear

Illustrated notes

Levels and vault maps discovered:
D:1:      heliophobic_arrival_enchanted_forest, layout_loops_ring,
          ebering_ecumenical_altar_rust
D:2:      layout_rooms, kennysheep_generic_room_13
D:3:      layout_loops_cross, lemuel_tele_altar

Skill      XL: |  1  2  3  4 |
---------------+-------------+-----
Axes           | 3 4 5 |  5.0
Fighting       | 4 |  4.4
Armour         | |  3.2
Shields        | |  3.2

Action                   |  1- 3 |  4- 6 || total
-------------------------+-------+-------++-------
Melee: War axe           |   124 |    13 ||   137
  Use: Scroll            |     5 |     3 ||     8
Armor: Scale mail        |    58 |    10 ||    68
Dodge: Dodged            |    67 |    11 ||    78
Block: Buckler           |    24 |     4 ||    28

Table legend: (Time is in decaauts)
 A = Elapsed time spent in this place.
 B = Non-inter-level travel time spent in this place.
 C = Inter-level travel time spent in this place.
 D = Time resting spent in this place.
 E = Time spent auto-exploring this place.
 F = Levels seen in this place.
 G = Mean time per level.
                   A        B        C        D        E       F      G
               +--------+--------+--------+--------+--------+-----+--------+
         Total |   1682 |   1654 |     28 |      0 |   1351 |   3 |  560.7 |
       Dungeon |   1682 |   1654 |     28 |      0 |   1351 |   3 |  560.7 |
               +--------+--------+--------+--------+--------+-----+--------+

Top non-repeatable levels by time:
     D:1: 1127 daAuts
     D:2: 534 daAuts
     D:3: 20 daAuts
